 Dungeon Crawl Stone Soup version 0.30-a0-964-gd452b5e7fa (webtiles) character file.

Game seed: 9195667756737868739

289 vishdafish the Conjurer (level 6, 41/41 HPs)
             Began as a Demonspawn Conjurer on Mar 30, 2023.
             Quit the game on level 4 of the Dungeon.
             The game lasted 00:04:02 (3293 turns).

vishdafish the Conjurer (Demonspawn Conjurer)       Turns: 3293, Time: 00:04:02

Health: 41/41      AC:  7    Str:  8    XL:     6   Next: 9%
Magic:  7/12       EV: 12    Int: 21    God:
Gold:   115        SH:  0    Dex: 11    Spells: 12/13 levels left

rFire   + . .      SeeInvis .    v - +2 dagger (elec)
rCold   . . .      Faith    .    (no shield)
rNeg    . . .      Spirit   .    p - +2 robe {rF+}
rPois   +          Reflect  .    (helmet restricted)
rElec   .          Rampage  .    (no cloak)
rCorr   .                        (no gloves)
Will    .....                    s - +0 pair of boots
Stlth   ++                       (no amulet)
HPRegen 0.26/turn                t - ring of poison resistance
MPRegen 0.13/turn                (no ring)

@: no status effects
A: horns 2, icy blue scales 1, ignite blood 1
a: no special abilities


You were on level 4 of the Dungeon.
You visited 1 branch of the dungeon, and saw 4 of its levels.
You also visited: Sewer.

You collected 115 gold pieces.

Inventory:

Hand Weapons
 c - a +0 dagger
 v - a +2 dagger of electrocution (weapon)
Armour
 a - a +0 robe
 p - a +2 robe of fire resistance (worn)
 s - a +0 pair of boots (worn)
Jewellery
 r - an amulet of faith
 t - a ring of poison resistance (left hand)
Wands
 n - a wand of polymorph (5)
Scrolls
 d - 3 scrolls of teleportation
 e - 3 scrolls of fog
 h - 3 scrolls of enchant weapon
 i - 2 scrolls of silence {unknown}
 j - a scroll of poison {unknown}
 k - a scroll of brand weapon {unknown}
 m - a scroll of vulnerability {unknown}
 u - a scroll of summoning {unknown}
Potions
 b - 2 potions of magic
 f - a potion of might {unknown}
 g - 2 potions of haste {unknown}
 l - a potion of lignification {unknown}
 o - 3 potions of attraction {unknown}
 q - a potion of ambrosia {unknown}
 w - a potion of heal wounds {unknown}


   Skills:
 - Level 1.7 Dodging
 - Level 1.7 Stealth
 + Level 4.4 Spellcasting
 + Level 5.9 Conjurations


You had 12 spell levels left.
You knew the following spells:

 Your Spells              Type           Power      Damage    Failure   Level
a - Magic Dart            Conj           100%       1d8       1%          1

Your spell library contained the following spells:

 Spells                   Type           Power      Damage    Failure   Level
 Searing Ray              Conj           58%        2d6       1%          2
 Dazzling Flash           Conj/Hex       34%        N/A       11%         3
 Fulminant Prism          Conj/Hex       8%         3d7       34%         4
 Iskenderun's Mystic Bla  Conj/Tloc      17%        2d5       34%         4
 Starburst                Conj/Fire      8%         6d4       99%         6


Dungeon Overview and Level Annotations

Branches:
Dungeon (4/15)              Sewer (visited)
 Temple: D:4-7

Altars:
Okawaru
Trog


Innate Abilities, Weirdness & Mutations

You have a pair of horns on your head.
You are partially covered in icy blue scales. (AC +2)
Your demonic aura sometimes causes spilled blood to erupt in flames.


Message History

The howler monkey hoots and howls with incredible vigour!
You hear a shout!
You hear an angry hiss. x2
The magic dart hits the howler monkey.
The howler monkey is heavily wounded.
The howler monkey barely misses you.
The magic dart hits the howler monkey.
The howler monkey is severely wounded.
The howler monkey hits you but does no damage.
A hobgoblin comes into view.
The magic dart hits the howler monkey.
The howler monkey is severely wounded.
The howler monkey hoots and howls with incredible vigour!
The howler monkey misses you.
You hear a shout!
The magic dart hits the howler monkey.
The howler monkey is almost dead.
The jackal closely misses you. The howler monkey hits you.
The jackal attacks as you move away!
The jackal bites you but does no damage.
The jackal attacks as you move away!
The jackal bites you but does no damage.
The jackal closely misses you.
You closely miss the jackal. Your headbutt misses the jackal.
You hear the slow hiss of an avalanche of sand nearby.
The jackal bites you but does no damage. x2
You hit the jackal but do no damage. The jackal barely misses you.
You hit the jackal. Your headbutt misses the jackal.
The jackal is lightly wounded.
The jackal closely misses you.
The howler monkey hoots and howls with incredible vigour!
You hit the jackal. Lightning courses through the jackal!
You kill the jackal!
You hit the howler monkey.
Lightning courses through the howler monkey!
You kill the howler monkey!
You have reached level 6!
Your demonic ancestry asserts itself...
Your blood heats up.
Okay, then.
Are you sure you want to abandon this character and quit the game? (Confirm with "yes".)

# .### .#.
######### #..
........< #..
#######.#
#####..### #.#
..g..hh#O## #.#
#.#g## #.#
#..###@####### #.#
#.#
##.##...########.#
#.#
##...............
##
#..#...########..
#.#.##### ##.
#.##.# #. #.# #.#
#. #. #.# #. # ..#
#.


You could see an ogre and a hobgoblin.

Vanquished Creatures
  Pargi (Sewer)
  A howler monkey (D:4)
  Jessica (D:2)
  6 adders
  An adder zombie (D:2)
  An adder skeleton (D:2)
  3 dart slugs
  6 ball pythons
  4 endoplasms
  7 giant cockroaches
  4 goblins
  5 hobgoblins
  A jackal (D:4)
  3 quokkas
  6 bats
  2 frilled lizards
  8 kobolds
  3 rats
63 creatures vanquished.

Vanquished Creatures (others)
  A plant (D:1)
1 creature vanquished.

Grand Total: 64 creatures vanquished

Notes
Turn   | Place    | Note
-------+----------+-------------------------------------------
     0 | D:1      | vishdafish the Demonspawn Conjurer began the quest for the
                  | Orb.
     0 | D:1      | Reached XP level 1. HP: 13/13 MP: 3/3
   224 | D:1      | Gained mutation: You are partially covered in icy blue
                  | scales. (AC +2) [demonic ancestry]
   224 | D:1      | Reached XP level 2. HP: 19/19 MP: 1/5
   770 | D:2      | Gained mutation: You have a pair of small horns on your
                  | head. [demonic ancestry]
   770 | D:2      | Reached XP level 3. HP: 24/24 MP: 1/7
  1442 | D:2      | Noticed Jessica
  1447 | D:2      | Killed Jessica
  1448 | D:2      | Reached skill level 5 in Conjurations
  1448 | D:2      | Reached XP level 4. HP: 3/30 MP: 2/8
  2377 | D:3      | Found an iron altar of Okawaru.
  2453 | D:3      | Identified the +4 scale mail of the Pleiades {rElec rN+}
  2538 | D:3      | Found a bloodstained altar of Trog.
  2634 | D:3      | Gained mutation: You have a pair of horns on your head.
                  | [demonic ancestry]
  2634 | D:3      | Reached XP level 5. HP: 35/35 MP: 6/10
  2634 | D:3      | Found a glowing drain.
  2643 | Sewer    | Entered a sewer
  2792 | Sewer    | Noticed Pargi
  2796 | Sewer    | Killed Pargi
  3279 | D:4      | Noticed an ogre
  3293 | D:4      | Gained mutation: Your demonic aura sometimes causes spilled
                  | blood to erupt in flames. [demonic ancestry]
  3293 | D:4      | Reached XP level 6. HP: 41/41 MP: 7/12
  3293 | D:4      | Quit the game

Illustrated notes

Levels and vault maps discovered:
D:1:      sevenhm_arrival_forest_fort_small_4, layout_rooms,
          serial_park_tiny_pond, grunt_decor_resistance
D:2:      layout_basic, serial_undead, serial_undead_d, serial_undead_d,
          serial_undead_d, serial_undead_f, uniq_jessica
D:3:      layout_rooms, mainiacjoe_overflow_cross_hatched,
          mainiacjoe_overflow_catwalk, portal_sewer_entry_d
D:4:      layout_loops_ring, zin_treasury, nicolae_ossuary_entry_giza

Skill      XL: |  1  2  3  4  5 |
---------------+----------------+-----
Spellcasting   | 3 4 |  4.4
Conjurations   | 5 |  5.9
Dodging        | |  1.7
Stealth        | |  1.7

Action                     |  1- 3 |  4- 6 || total
---------------------------+-------+-------++-------
  Melee: Dagger            |    29 |    10 ||    39
         Headbutt          |     1 |     1 ||     2
   Cast: Magic Dart        |    59 |    69 ||   128
    Use: Scroll            |       |     3 ||     3
   Stab: Sleeping          |       |     1 ||     1
 Armour: Robe              |     9 |    13 ||    22
  Dodge: Dodged            |    35 |    18 ||    53

Table legend: (Time is in decaauts)
 A = Elapsed time spent in this place.
 B = Non-inter-level travel time spent in this place.
 C = Inter-level travel time spent in this place.
 D = Time resting spent in this place.
 E = Time spent auto-exploring this place.
 F = Levels seen in this place.
 G = Mean time per level.
                   A        B        C        D        E       F      G
               +--------+--------+--------+--------+--------+-----+--------+
         Total |   3298 |   3161 |    137 |      0 |   2774 |   5 |  659.6 |
       Dungeon |   2982 |   2845 |    137 |      0 |   2504 |   4 |  745.5 |
         Sewer |    316 |    316 |      0 |      0 |    270 |   1 |  316.0 |
               +--------+--------+--------+--------+--------+-----+--------+

Top non-repeatable levels by time:
     D:2: 1287 daAuts
     D:3: 875 daAuts
     D:1: 764 daAuts
   Sewer: 316 daAuts
     D:4: 54 daAuts
